 Dungeon Crawl Stone Soup version 0.22-a0-305-gd21a89c (webtiles) character file.

637 xccam the Basher (level 7, -2/52 HPs)
             Began as a Formicid Fighter on Mar 30, 2018.
             Slain by a centaur (8 damage)
             ... on level 5 of the Dungeon.
             The game lasted 00:03:53 (3150 turns).

xccam the Basher (Formicid Fighter)                 Turns: 3150, Time: 00:03:54

Health: -2/52      AC:  8    Str: 27    XL:     7   Next: 80%
Magic:  7/7        EV:  8    Int:  8    God:
Gold:   192        SH: 10    Dex: 10    Spells: 6/6 levels left

rFire    . . .     SeeInvis +   g - +0 whip (elec)
rCold    . . .     Gourm    .   c - +0 shield
rNeg     . . .     Faith    .   b - +0 scale mail
rPois    .         Spirit   .   (helmet unavailable)
rElec    .         Reflect  .   (no cloak)
rCorr    .         Harm     .   (no gloves)
MR       .....                  h - +0 pair of boots
Stlth    ..........             (no amulet)
HPRegen  0.17/turn              (no ring)
MPRegen  0.10/turn              (no ring)

@: mighty, flying
A: permanent stasis, dig shafts and tunnels, four strong arms, antennae 3
a: Dig, Shaft Self


You were on level 5 of the Dungeon.
You were not hungry.

You visited 1 branch of the dungeon, and saw 5 of its levels.

You collected 192 gold pieces.

Inventory:

Hand Weapons
 a - a +0 flail
 g - a +0 whip of electrocution (weapon)
Armour
 b - a +0 scale mail (worn)
 c - a +0 shield (worn)
 h - a +0 pair of boots (worn)
 l - a +0 plate armour
 v - a +0 ring mail of magic resistance
Jewellery
 q - a cursed -3 ring of protection {unknown}
Wands
 r - a wand of random effects (26)
 t - a wand of paralysis (2)
Scrolls
 e - 6 scrolls of remove curse {unknown}
 j - 6 scrolls of teleportation {unknown}
 k - 5 scrolls of identify {unknown}
 m - a scroll of fog {unknown}
 n - a scroll of noise {unknown}
 s - a scroll of immolation {unknown}
 y - a scroll of magic mapping {unknown}
Potions
 i - 2 potions of curing {unknown}
 o - 2 potions of berserk rage {unknown}
 p - 2 potions of flight
 u - a potion of heal wounds {unknown}
 w - a potion of magic {unknown}
 x - a potion of degeneration {unknown}
 z - 3 potions of brilliance {unknown}
 A - a potion of haste {unknown}
Comestibles
 f - 8 rations


   Skills:
 - Level 3.2 Fighting
 - Level 8.0 Maces & Flails
 - Level 3.2 Armour
 + Level 4.1 Shields


You had 6 spell levels left.
You didn't know any spells.

Dungeon Overview and Level Annotations

Branches:
Dungeon (5/15)
 Temple: D:4-7

Altars:
Ru


Innate Abilities, Weirdness & Mutations

You cannot be hasted, slowed, berserked, paralysed or teleported.
You can dig through walls and to a lower floor.
Your four strong arms can wield two-handed weapons with a shield.
You have a pair of large antennae on your head. (SInv)


Message History

You block the orc wizard's attack. You block the centaur's attack.
The crimson imp hits you but does no damage.
You closely miss the orc wizard. You block the orc wizard's attack.
You block the orc's attack.
The orc priest invokes the aid of Beogh against you.
Beogh smites you!
* * * LOW HITPOINT WARNING * * *
The centaur barely misses you.
The orc wizard hits you but does no damage.
You hit the centaur.
The centaur is moderately wounded.
The crimson imp hits you but does no damage.
The centaur closely misses you. The orc hits you but does no damage.
The orc wizard gestures at you while chanting.
The puff of frost hits you!
* * * LOW HITPOINT WARNING * * *
It was a potion of flight.
You feel very buoyant.
You fly up into the air.
The centaur hits you!
You die...

# . #. # #.##### #
.....###### #
#........# #
#.c......# ##
#..@o....### #.
#.#.5oo......+ ..
#......(...### ... ##.
#.###......# .......
#......(...###.....##.
#....)..(....%........
..o..#...((####.###.#.
.....#.....# #.##....
.....#.....####.##..#.


You could see a centaur, an orc priest, an orc wizard, a crimson imp and an orc.

Vanquished Creatures
  Sigmund (D:3)
  An ogre (D:4)
  The ghost of xccam the Chopper, an amateur FoFi (D:3)
  Terence (D:3)
  Ijyb (D:3)
  3 orc wizards
  A worker ant (D:4)
  5 adders
  An adder skeleton (D:5)
  4 worms
  3 dart slugs
  2 leopard geckos
  10 orcs
  2 giant cockroaches
  7 goblins
  6 hobgoblins
  7 jackals
  10 kobolds
  3 quokkas
  2 ball pythons
  6 bats
  8 frilled lizards
  7 rats
92 creatures vanquished.

Notes
Turn   | Place    | Note
-------+----------+-------------------------------------------
     0 | D:1      | xccam the Formicid Fighter began the quest for the Orb.
     0 | D:1      | Reached XP level 1. HP: 18/18 MP: 1/1
   182 | D:1      | Reached XP level 2. HP: 22/24 MP: 2/2
   224 | D:1      | Reached skill level 3 in Maces & Flails
   534 | D:2      | Found a faded altar of an unknown god.
   544 | D:2      | Reached XP level 3. HP: 25/29 MP: 3/3
   604 | D:2      | Reached skill level 4 in Maces & Flails
   604 | D:2      | Reached XP level 4. HP: 21/35 MP: 4/4
  1547 | D:3      | Reached XP level 5. HP: 41/41 MP: 5/5
  1602 | D:3      | Noticed Terence
  1605 | D:3      | Killed Terence
  1605 | D:3      | Reached skill level 5 in Maces & Flails
  1627 | D:3      | Noticed Ijyb
  1645 | D:3      | Killed Ijyb
  1940 | D:3      | Noticed Sigmund
  1944 | D:3      | Killed Sigmund
  1944 | D:3      | Reached skill level 6 in Maces & Flails
  1944 | D:3      | Reached XP level 6. HP: 43/47 MP: 6/6
  2020 | D:3      | Noticed xccam's ghost (amateur FoFi)
  2030 | D:3      | Killed xccam's ghost
  2030 | D:3      | Reached skill level 7 in Maces & Flails
  2030 | D:3      | Reached XP level 7. HP: 38/52 MP: 7/7
  2404 | D:4      | Found a sacrificial altar of Ru.
  2796 | D:4      | Reached skill level 8 in Maces & Flails
  3051 | D:5      | Entered Level 5 of the Dungeon
  3150 | D:5      | Slain by a centaur

Vault maps used:
D:1:      dpeg_arrival_rooms_c
D:2:      chequers_ecumenical_altar_island, minmay_crystal_room
D:3:      uniq_ijyb, uniq_sigmund, uniq_terence
D:4:      nicolae_ru_great_annihilating_truth
D:5:      nicolae_overflow_hidden_temple, first_ration, uniq_prince_ribbit1

Skill      XL: |  1  2  3  4  5  6  7 |
---------------+----------------------+-----
Maces & Flails | 3 4 6 7 8 |  8.0
Shields        | 4 |  4.1
Fighting       | |  3.2
Armour         | |  3.2

Action                   |  1- 3 |  4- 6 |  7- 9 || total
-------------------------+-------+-------+-------++-------
Melee: Flail             |    13 |       |       ||    13
       Whip              |    64 |   161 |    71 ||   296
  Use: Potion            |       |       |     2 ||     2
 Stab: Paralysed         |       |       |     1 ||     1
  Eat: Chunk             |       |     3 |     4 ||     7
Armor: Scale mail        |    45 |    48 |    20 ||   113
Dodge: Dodged            |    34 |    31 |    20 ||    85
Block: Shield            |    48 |    57 |    30 ||   135

Table legend:
 A = Spawn XP
 B = Non-spawn XP
 C = Spawn XP percentage of total XP
 D = Spawn monster count
 E = Non-spawn monster count
 F = Spawn count percentage of total count
 G = Total turns spent on level
                    A         B        C        D         E        F      G
               +---------+---------+-------+---------+---------+-------+---------
         Total |       0 |     911 |   0.0 |       0 |      92 |   0.0 |  3150
               +---------+---------+-------+---------+---------+-------+---------
           D:1 |       0 |      25 |   0.0 |       0 |      14 |   0.0 |   525
           D:2 |       0 |      87 |   0.0 |       0 |      30 |   0.0 |   958
           D:3 |       0 |     482 |   0.0 |       0 |      25 |   0.0 |   796
           D:4 |       0 |     262 |   0.0 |       0 |      17 |   0.0 |   772
           D:5 |       0 |      55 |   0.0 |       0 |       6 |   0.0 |    99
               +---------+---------+-------+---------+---------+-------+---------
